 Dungeon Crawl Stone Soup version 0.32-a0-893-gf85d74f360 (webtiles) character file.

Game seed: 10225938796192410262

431 GiantSquids the Shooter (level 6, -1/44 HPs)
             Began as a Coglin Hunter on Apr 3, 2024.
             Was an Initiate of Gozag.
             Slain by a black bear (8 damage)
             ... on level 5 of the Dungeon.
             The game lasted 00:05:39 (3021 turns).

GiantSquids the Shooter (Coglin Hunter)             Turns: 3021, Time: 00:05:39

Health: -1/44      AC:  5    Str: 11    XL:     6   Next: 99%
Magic:  6/6        EV: 11    Int:  9    God:    Gozag
Gold:   159        SH:  0    Dex: 19    Spells: 5/5 levels left

rFire   . . .        a - +2 sling {Ulrike}
rCold   . . .        d - +0 sling {Yolanda}
rNeg    . . .        c - +0 leather armour
rPois   .            (no helmet)
rElec   .            (no cloak)
rCorr   .            s - +0 pair of gloves
SInv    .            v - +0 pair of boots
Will    .....        (amulet unavailable)
Stlth   ++           (ring unavailable)
HPRegen 0.27/turn    (ring unavailable)
MPRegen 0.10/turn    (no gizmo)

%: no passive effects
@: revved
A: off-hand wielding, slow wielding, warmup strikes, no jewellery
a: Invent Gizmo, Renounce Religion, Potion Petition, Call Merchant, Bribe Branch


You were on level 5 of the Dungeon.
You worshipped Gozag.
Gozag was aware of your devotion.
You visited 1 branch of the dungeon, and saw 5 of its levels.

You collected 245 gold pieces.
You paid 86 gold pieces to Gozag.

Inventory:

Hand Weapons
 a - a +2 sling (weapon) {Ulrike}
 d - a +0 sling (offhand) {Yolanda}
Armour
 c - a +0 leather armour (worn)
 s - a +0 pair of gloves (worn)
 v - a +0 pair of boots (worn)
Wands
 y - a wand of digging (1)
Scrolls
 b - a scroll of butterflies
 e - 2 scrolls of enchant armour {unknown}
 f - a scroll of vulnerability {unknown}
 g - 3 scrolls of teleportation {unknown}
 h - 2 scrolls of identify {unknown}
 k - 2 scrolls of enchant weapon {unknown}
 l - 2 scrolls of poison {unknown}
 m - a scroll of amnesia {unknown}
 o - a scroll of acquirement {unknown}
 p - a scroll of revelation {unknown}
 x - a scroll of fog {unknown}
Potions
 i - a potion of attraction {unknown}
 j - a potion of curing {unknown}
 n - 3 potions of heal wounds {unknown}
 q - a potion of ambrosia {unknown}
 r - a potion of mutation {unknown}
 t - a potion of enlightenment {unknown}
 u - a potion of degeneration {unknown}
 w - a potion of resistance {unknown}


   Skills:
 - Level 2.0 Fighting
 + Level 7.4 Ranged Weapons
 - Level 1.7 Dodging
 - Level 0.7 Stealth


You had 5 spell levels left.
You didn't know any spells.
Your spell library contained the following spells:

 Spells                   Type           Power      Damage    Failure   Level
 Cigotuvi's Dreadful Rot  Necr/Alch/Air  0%         N/A       63%         2
 Dispel Undead            Necr           0%         3d6       99%         4
 Martyr's Knell           Necr/Summ      0%         N/A       99%         4


Dungeon Overview and Level Annotations

Branches:
Dungeon (5/15)
 Temple: D:4-7

Altars:
Gozag
Sif Muna


Innate Abilities, Weirdness & Mutations

You can wield a second weapon in your off-hand.
It takes a long time for you to wield or remove held weapons.
Your first few attacks do less damage.
You cannot equip rings or amulets.


Message History

The black bear is severely wounded.
The black bear bites you but does no damage.
The black bear barely misses you. The black bear claws you.
You shoot a sling bullet.
The sling bullet hits the black bear but does no damage.
The black bear is severely wounded.
You shoot a sling bullet.
The sling bullet closely misses the black bear.
The black bear goes berserk!
You shoot a sling bullet.
The sling bullet completely misses the black bear.
You shoot a sling bullet.
The sling bullet closely misses the black bear.
The black bear barely misses you. The black bear misses you.
The black bear claws you but does no damage.
You shoot a sling bullet. The sling bullet hits the black bear.
The black bear is severely wounded.
You shoot a sling bullet.
The sling bullet hits the black bear but does no damage.
The black bear is severely wounded.
The black bear bites you. The black bear closely misses you. x3
The black bear claws you. x2
You shoot a sling bullet.
The sling bullet barely misses the black bear.
You shoot a sling bullet.
The sling bullet closely misses the black bear.
The black bear closely misses you. The black bear misses you.
The black bear closely misses you. The black bear bites you!
* * * LOW HITPOINT WARNING * * *
The black bear claws you.
* * * LOW HITPOINT WARNING * * *
The black bear barely misses you.
You shoot a sling bullet.
The sling bullet closely misses the black bear.
You shoot a sling bullet.
The sling bullet hits the black bear but does no damage.
The black bear is severely wounded.
The black bear bites you!
You die...
Your body crumbles into a pile of gold.

# # #####... #
#...#..# #
#._.#..# #
#...#..# #
##.##..+ #
#'#... #
#.##h# ###
#...@# ..#
###.#### ..#
##...# ..#
#####..###
..####.....###
..#..........#
.............#
##.#.........#
#..#.(.......#


You could see a black bear (berserk).

Vanquished Creatures
  A phantom (D:4)
  2 scorpions (D:5)
  A bombardier beetle (D:5)
  An orc priest (D:5)
  Terence (D:3)
  A gnoll (D:3)
  5 adders
  2 ribbon worms
  6 dart slugs
  3 orcs
  7 bats
  7 endoplasms
  7 giant cockroaches
  8 goblins
  9 hobgoblins
  4 kobolds
  5 ball pythons
  9 frilled lizards
  7 rats
86 creatures vanquished.

Notes
Turn   | Place    | Note
-------+----------+-------------------------------------------
     0 | D:1      | GiantSquids the Coglin Hunter began the quest for the Orb.
     0 | D:1      | Reached XP level 1. HP: 16/16 MP: 1/1
   128 | D:1      | Reached skill level 4 in Ranged Weapons
   128 | D:1      | Reached XP level 2. HP: 22/22 MP: 2/2
   380 | D:1      | Reached XP level 3. HP: 25/27 MP: 3/3
  1333 | D:3      | Reached skill level 5 in Ranged Weapons
  1333 | D:3      | Reached XP level 4. HP: 32/33 MP: 4/4
  1462 | D:3      | Noticed Terence
  1473 | D:3      | Killed Terence
  1827 | D:3      | Reached XP level 5. HP: 38/38 MP: 5/5
  2281 | D:4      | Found a shimmering blue altar of Sif Muna.
  2398 | D:4      | Noticed a phantom
  2409 | D:4      | Killed a phantom
  2410 | D:4      | Reached skill level 6 in Ranged Weapons
  2410 | D:4      | Reached XP level 6. HP: 36/44 MP: 6/6
  2758 | D:5      | Entered Level 5 of the Dungeon
  2782 | D:5      | Reached skill level 7 in Ranged Weapons
  2996 | D:5      | Found an opulent altar of Gozag.
  3002 | D:5      | Became a worshipper of Gozag Ym Sagoz the Greedy
  3010 | D:5      | Noticed a black bear
  3021 | D:5      | Slain by a black bear

Illustrated notes

Levels and vault maps discovered:
D:1:      spicycebolla_green_bress_n_ham_2, layout_loops_ring,
          dreamdust_princess_bridge
D:2:      layout_basic
D:3:      minmay_chambers_of_threes, layout_basic, uniq_terence
D:4:      layout_gridville, led_sif_pool
D:5:      layout_basic, pdpol_temple_overflow_zin_treasury_gozag_greed

Skill      XL: |  1  2  3  4  5  6 |
---------------+-------------------+-----
Ranged Weapons | 4 5 6 7 |  7.4
Fighting       | |  2.0
Dodging        | |  1.7
Stealth        | |  0.7

Action                     |  1- 3 |  4- 6 || total
---------------------------+-------+-------++-------
   Fire: Sling             |   146 |   256 ||   402
 Armour: Leather armour    |     5 |    39 ||    44
  Dodge: Dodged            |     5 |    28 ||    33

Table legend: (Time is in decaauts)
 A = Elapsed time spent in this place.
 B = Non-inter-level travel time spent in this place.
 C = Inter-level travel time spent in this place.
 D = Time resting spent in this place.
 E = Time spent auto-exploring this place.
 F = Levels seen in this place.
 G = Mean time per level.
                   A        B        C        D        E       F      G
               +--------+--------+--------+--------+--------+-----+--------+
         Total |   3057 |   2953 |    104 |      0 |   2524 |   5 |  611.4 |
       Dungeon |   3057 |   2953 |    104 |      0 |   2524 |   5 |  611.4 |
               +--------+--------+--------+--------+--------+-----+--------+

Top non-repeatable levels by time:
     D:3: 913 daAuts
     D:1: 797 daAuts
     D:4: 670 daAuts
     D:2: 410 daAuts
     D:5: 266 daAuts
